 Dungeon Crawl Stone Soup version 0.32-a0-656-g3542139ebd (webtiles) character file.

Game seed: 17532710192066801459

17 ytrimaz the Conjurer (level 2, 20/20 HPs)
             Began as a Demigod Conjurer on Mar 8, 2024.
             Quit the game on level 2 of the Dungeon.
             The game lasted 00:00:24 (822 turns).

ytrimaz the Conjurer (Demigod Conjurer)              Turns: 822, Time: 00:00:25

Health: 20/20      AC:  2    Str:  8    XL:     2   Next: 30%
Magic:  5/7        EV: 12    Int: 20    God:
Gold:   34         SH:  0    Dex: 12    Spells: 4/5 levels left

rFire   . . .        (no weapon)
rCold   . . .        (no shield)
rNeg    . . .        a - +0 robe
rPois   .            (no helmet)
rElec   .            (no cloak)
rCorr   .            (no gloves)
SInv    .            (no boots)
Will    .....        (no amulet)
Stlth   ++           (no ring)
HPRegen 0.23/turn    (no ring)
MPRegen 0.10/turn

%: no passive effects
@: no status effects
A: high MP 1, forlorn, divine attributes
a: no special abilities


You were on level 2 of the Dungeon.
You visited 1 branch of the dungeon, and saw 2 of its levels.

You collected 34 gold pieces.


Innate Abilities, Weirdness & Mutations

You have an increased reservoir of magic. (+10% MP)
You shall have no god before yourself.
Your divine heritage dramatically boosts your attributes as you level up.


   Skills:
 - Level 1.7 Dodging
 - Level 1.7 Stealth
 + Level 2.2 Spellcasting
 + Level 3.9 Conjurations


You had 4 spell levels left.
You knew the following spells:

 Your Spells              Type           Power      Damage    Failure   Level
a - Magic Dart            Conj           72%        1d6       3%          1

Your spell library contained the following spells:

 Spells                   Type           Power      Damage    Failure   Level
 Searing Ray              Conj           36%        2d5       4%          2
 Fulminant Prism          Conj/Alch      5%         3d7       56%         4
 Iskenderun's Mystic Bla  Conj/Tloc      10%        2d4       56%         4

Inventory:

Armour
 a - a +0 robe (worn)
Scrolls
 f - a scroll of teleportation {unknown}
 g - a scroll of torment {unknown}
Potions
 b - a potion of magic
 c - a potion of curing {unknown}
 d - a potion of heal wounds {unknown}
 e - a potion of berserk rage {unknown}

Dungeon Overview and Level Annotations

Branches:
Dungeon (2/15) Zot: 11178

#.# #.# . #g#
.## #.# ..# ...
#.# #.# #.# #.#
#.# #@#
######.## #.#
#.....>.######.#
#.####.#.<.....#
#.# ##.########
###.#####.#
..........#
....#######
#####


You could see a hobgoblin.


Message History

The rat squeaks loudly. 😎 MP[-1]
You lost 1 mp, and now have 4/5 mp.
The magic dart hits the rat but does no damage. 😎 MP[-1]
You lost 1 mp, and now have 3/5 mp.
The magic dart hits the rat.
You kill the rat!
Your Spellcasting skill increases to level 2! 😎 MP[-1]
You lost 1 mp, and now have 2/5 mp.
Found a stone staircase leading up. 😎 MP[+3]
Your mp is fully restored (5).
You now have 32 gold pieces (gained 12).
You see here a +0 trident of venom.
You see here 8 stones.
You see here 8 stones.
Key pressed, stopping explore.
You can't see any susceptible monsters within range! (Use Z to cast anyway.)
You can't see any susceptible monsters within range! (Use Z to cast anyway.)
Found a stone staircase leading down.
Key pressed, stopping explore.
Key pressed, stopping explore.
You can't see any susceptible monsters within range! (Use Z to cast anyway.)
You can't see any susceptible monsters within range! (Use Z to cast anyway.)
Found a stone staircase leading up.
Key pressed, stopping explore.
A bat comes into view.
A bat is nearby!
A bat is nearby!
The magic dart hits the bat but does no damage.
The bat misses you. 😎 MP[-1]
You lost 1 mp, and now have 4/5 mp.
The magic dart hits the bat.
You kill the bat! 😎 MP[-1]
You lost 1 mp, and now have 3/5 mp.
You now have 34 gold pieces (gained 2).
f - a scroll labelled MOTEIT UCUONAG 😎 MP[+2]
Your mp is fully restored (5).
Found a stone staircase leading down.
A dart slug comes into view.
A dart slug is nearby!
The magic dart hits the dart slug.
The dart slug launches a dart at you. The slug dart hits you. 😕 HP[-2] MP[-1]
You take 2 damage, and now have 12/14 hp.
You lost 1 mp, and now have 4/5 mp.
The magic dart hits the dart slug. 😕 MP[-1]
You lost 1 mp, and now have 3/5 mp.
A dart slug is nearby!
A dart slug is nearby!
The magic dart hits the dart slug.
You kill the dart slug! 😕 HP[+1] MP[-1]
You lost 1 mp, and now have 2/5 mp.
Key pressed, stopping explore.
Found an escape hatch in the floor. 😎 HP[+1] MP[+3]
Your hp is fully restored (14).
Your mp is fully restored (5).
g - a scroll labelled XULUPR LETIL An adder comes into view.
Found a stone staircase leading down.
An adder is nearby!
The magic dart hits the adder. 😎 MP[-1]
You lost 1 mp, and now have 4/5 mp.
The magic dart hits the adder. 😎 MP[-1]
You lost 1 mp, and now have 3/5 mp.
The magic dart hits the adder. 😎 MP[-1]
You lost 1 mp, and now have 2/5 mp.
The magic dart hits the adder.
You kill the adder!
You have reached level 2! 😎 HP[+6] MP[-1]
You now have 20 max hp (+6).
Your hp is fully restored (20).
Found an escape hatch in the ceiling. 😎 MP[+6]
Your mp is fully restored (7).
There is a stone staircase leading down here.
There is an escape hatch in the ceiling here.
A hobgoblin comes into view.
A hobgoblin is nearby!
A hobgoblin is nearby!
The magic dart hits the hobgoblin but does no damage. 😎 MP[-1]
You lost 1 mp, and now have 6/7 mp.
The magic dart hits the hobgoblin. 😎 MP[-1]
You lost 1 mp, and now have 5/7 mp.
A hobgoblin is nearby!
A hobgoblin is nearby!
Are you sure you want to abandon this character and quit the game? (Confirm with "yes".)

Skill      XL: |  1 |
---------------+----+-----
Spellcasting   | 2 |  2.2
Dodging        | |  1.7
Stealth        | |  1.7
Conjurations   | |  3.9

Action                     || total
---------------------------++-------
   Cast: Magic Dart        ||    24
 Armour: Robe              ||     2
  Dodge: Dodged            ||     3

Levels and vault maps discovered:
D:1:      heliophobic_arrival_glass_houses, layout_basic,
          chequers_ecumenical_altar_lobes
D:2:      minmay_chambers_of_twos, layout_loops_ring

Notes
Turn   | Place    | Note
-------+----------+-------------------------------------------
     0 | D:1      | ytrimaz the Demigod Conjurer began the quest for the Orb.
     0 | D:1      | Reached XP level 1. HP: 14/14 MP: 5/5
     0 | D:1      | magus.rc [v1.9.6]
   274 | D:1      | You fall into a shaft and drop 1 floor!
   285 | D:2      | Reached skill level 2 in Spellcasting
   747 | D:2      | Reached XP level 2. HP: 20/20 MP: 1/7
   822 | D:2      | Quit the game

Vanquished Creatures
  An adder (D:2)
  A dart slug (D:2)
  2 hobgoblins (D:1)
  A ball python (D:1)
  A bat (D:2)
  2 rats
8 creatures vanquished.

Table legend:
 A = Non-vault XP
 B = Vault XP
 C = Vault XP percentage of total XP
 D = Non-vault monster count
 E = Vault monster count
 F = Vault count percentage of total count
                 A         B        C        D         E       F
            +---------+---------+-------+---------+---------+-------
      Total |      25 |       0 |   0.0 |       8 |       0 |   0.0
            +---------+---------+-------+---------+---------+-------
        D:1 |       6 |       0 |   0.0 |       4 |       0 |   0.0
        D:2 |      19 |       0 |   0.0 |       4 |       0 |   0.0
            +---------+---------+-------+---------+---------+-------

Skill      XL: |  1 |
---------------+----+-----
Spellcasting   | 2 |  2.2
Dodging        | |  1.7
Stealth        | |  1.7
Conjurations   | |  3.9

Action                     || total
---------------------------++-------
   Cast: Magic Dart        ||    24
 Armour: Robe              ||     2
  Dodge: Dodged            ||     3

Illustrated notes

Table legend:
 A = Kills in this place as a percentage of kills in the entire game.
 B = Kills by you in this place as a percentage of kills by you in the entire game.
 C = Kills by friends in this place as a percentage of kills by friends in the entire game.
 D = Other kills in this place as a percentage of other kills in the entire game.
 E = Experience gained in this place as a percentage of experience gained in the entire game.
 F = Experience gained in this place divided by the number of levels of this place that you have seen.
                   A       B       C       D       E      F
               +-------+-------+-------+-------+-------+----------------------
         Total | 100.0 | 100.0 |   N/A |   N/A | 100.0 |  12.5
       Dungeon | 100.0 | 100.0 |   N/A |   N/A | 100.0 |  12.5
               +-------+-------+-------+-------+-------+----------------------

Table legend: (Time is in decaauts)
 A = Elapsed time spent in this place.
 B = Non-inter-level travel time spent in this place.
 C = Inter-level travel time spent in this place.
 D = Time resting spent in this place.
 E = Time spent auto-exploring this place.
 F = Levels seen in this place.
 G = Mean time per level.
                   A        B        C        D        E       F      G
               +--------+--------+--------+--------+--------+-----+--------+
         Total |    821 |    821 |      0 |      0 |    772 |   2 |  410.5 |
       Dungeon |    821 |    821 |      0 |      0 |    772 |   2 |  410.5 |
               +--------+--------+--------+--------+--------+-----+--------+

Top non-repeatable levels by time:
     D:2: 547 daAuts
     D:1: 274 daAuts
